 Dungeon Crawl Stone Soup version 0.29-a0-1023-g6ae1a4a2c7 (webtiles) character file.

Game seed: 11874313805306752975

272 27heaven the Chopper (level 6, 0/57 HPs)
             Began as a Minotaur Fighter on Aug 11, 2022.
             Slain by a bullfrog (5 damage)
             ... in a sewer.
             The game lasted 00:07:22 (3492 turns).

27heaven the Chopper (Minotaur Fighter)             Turns: 3492, Time: 00:07:22

Health: 0/57       AC:  6    Str: 23    XL:     6   Next: 2%
Magic:  5/5        EV:  9    Int:  5    God:
Gold:   118        SH:  4    Dex:  9    Spells: 5/5 levels left

rFire   . . .      SeeInvis .   a - +0 war axe
rCold   . . .      Faith    .   c - +0 buckler
rNeg    . . .      Spirit   .   b - +0 scale mail
rPois   .          Reflect  .   (helmet restricted)
rElec   .          Harm     .   (no cloak)
rCorr   .          Rampage  .   (no gloves)
Will    .....                   (no boots)
Stlth   ..........              (no amulet)
HPRegen 0.19/turn               (no ring)
MPRegen 0.09/turn               (no ring)

@: mighty
A: horns 2, retaliatory headbutt
a: no special abilities


You were in a sewer.
You visited 1 branch of the dungeon, and saw 4 of its levels.
You also visited: Sewer.

You collected 118 gold pieces.

Inventory:

Hand Weapons
 a - a +0 war axe (weapon)
Armour
 b - a +0 scale mail (worn)
 c - a +0 buckler (worn)
Jewellery
 e - an amulet of the acrobat
 g - a ring of protection from cold
 k - a ring of willpower
 n - a ring of magical power
Scrolls
 i - 2 scrolls of butterflies {unknown}
 l - a scroll of magic mapping {unknown}
 m - a scroll of fear {unknown}
 o - a scroll of vulnerability {unknown}
 r - 2 scrolls of teleportation {unknown}
 s - a scroll of noise {unknown}
Potions
 d - a potion of might
 f - 2 potions of heal wounds
 h - 3 potions of curing {unknown}
 j - a potion of lignification {unknown}
 p - a potion of cancellation {unknown}
 q - a potion of degeneration {unknown}
 t - a potion of flight {unknown}


   Skills:
 + Level 5.8 Fighting
 + Level 6.1 Axes
 - Level 3.6 Armour
 - Level 3.6 Shields


You had 5 spell levels left.
You didn't know any spells.
Your spell library was empty.

Dungeon Overview and Level Annotations

Branches:
Dungeon (4/15)              Sewer (1/1)
 Temple: D:4-7

Altars:
Kikubaaqudgha

Annotations:
D:3 3 runed translucent doors, splatterpode's ghost, amateur OpBe


Innate Abilities, Weirdness & Mutations

You have a pair of horns on your head.
You reflexively headbutt those who attack you in melee.


Message History

The bullfrog hits you. The adder bites you but does no damage.
The bullfrog hits you.
* * * LOW HITPOINT WARNING * * *
The bullfrog hits you.
* * * LOW HITPOINT WARNING * * *
The adder bites you but does no damage.
You feel very mighty all of a sudden.
You feel sick. The bullfrog hits you.
* * * LOW HITPOINT WARNING * * *
The bullfrog barely misses you. You block the adder's attack.
The bullfrog hits you.
* * * LOW HITPOINT WARNING * * *
The bullfrog barely misses you.
It was a potion of heal wounds.
You feel much better.
You feel sick. The adder closely misses you. You furiously retaliate!
You headbutt the adder!!
You kill the adder!
The bullfrog barely misses you. The bullfrog hits you.
You have reached level 6!
Unknown command.
The bullfrog attacks as you move away! The bullfrog hits you.
You feel sick.
The bullfrog swells and bulges.
The bullfrog hits you but does no damage.
The bullfrog closely misses you. You furiously retaliate!
You headbutt the bullfrog! The bullfrog closely misses you.
The bullfrog hits you.
You see here 10 gold pieces.
You hit the bullfrog.
The bullfrog is moderately wounded.
You barely miss the bullfrog.
You feel sick.
You are no longer poisoned.
The bullfrog hits you. The bullfrog closely misses you.
The bullfrog hits you. x2
* * * LOW HITPOINT WARNING * * *
You closely miss the bullfrog. Your headbutt misses the bullfrog.
The bullfrog is heavily wounded.
You slash the bullfrog! The bullfrog hits you.
* * * LOW HITPOINT WARNING * * *
The bullfrog hits you.
* * * LOW HITPOINT WARNING * * *
The bullfrog hits you.
You die...

##~~#~~~~~#####.~~~#####
####~~~#######~∩~#.†~~.~~##
##~~.~~~~#..~.~~~~####~~~~~##
##~~~~#~~##~..~~~~~~~.###.~~~#
#~~~~##††#~~#######~~~..##~.~~
##~.~##~~##~~#~~~≈≈###~~..##..~
#~~~~#~~.#.~.~~.~..≈≈##.~~~#~..
##~~~##~††#~~.†.~~~~.≈≈##.~.##~~
#.~††#~~~~#~~~F@~.~...≈ #~.~~#~~
#∩.~.#~~~.#~~.:F?.~~~~~ #~.~~#~~
#.~~.#~~~~#≈~~.?!(.~~.≈ #~†~~#~~
##~~~##~~.##≈~~..~.~≈≈≈##~~~##~†
#~~~~#~~~~##≈≈~~~≈≈≈≈##~~~~#~~.
##~~.##~~~~###≈≈≈≈≈###.~~~##~~~
#~~~.##~~~~~#######~~~.~##.~~~
##~~~~###.††~~~~~~~~~.###†~~.#
##~~~~~####~~~~~~~####~.~~~##


You could see 2 bullfrogs.

Vanquished Creatures
  4 gnolls
  11 adders
  3 worms
  3 dart slugs
  5 orcs (D:3)
  3 bats
  11 endoplasms
  9 giant cockroaches
  7 hobgoblins
  11 kobolds
  12 quokkas
  15 ball pythons
  13 frilled lizards
  7 goblins
  4 rats
118 creatures vanquished.

Vanquished Creatures (others)
  A fungus (D:3)
  3 plants (D:3)
  4 withered plants (D:3)
8 creatures vanquished.

Grand Total: 126 creatures vanquished

Notes
Turn   | Place    | Note
-------+----------+-------------------------------------------
     0 | D:1      | 27heaven the Minotaur Fighter began the quest for the Orb.
     0 | D:1      | Reached XP level 1. HP: 19/19 MP: 0/0
    91 | D:1      | Reached skill level 3 in Axes
   168 | D:1      | Reached XP level 2. HP: 16/26 MP: 1/1
   758 | D:1      | Reached skill level 4 in Axes
   962 | D:1      | Reached XP level 3. HP: 33/33 MP: 2/2
  1015 | D:1      | Found a faded altar of an unknown god.
  1749 | D:2      | Reached XP level 4. HP: 39/40 MP: 3/3
  2360 | D:3      | Reached skill level 5 in Axes
  2480 | D:3      | Found an ancient bone altar of Kikubaaqudgha.
  2537 | D:3      | Found a runed translucent gate.
  2538 | D:3      | Found a runed translucent gate.
  2538 | D:3      | Found a runed translucent gate.
  2538 | D:3      | Noticed splatterpode's ghost (amateur OpBe)
  2539 | D:3      | Noticed a kobold brigand
  2722 | D:3      | Reached skill level 5 in Fighting
  2722 | D:3      | Reached XP level 5. HP: 39/48 MP: 4/4
  3143 | D:4      | Found a glowing drain.
  3170 | Sewer    | Entered a sewer
  3365 | Sewer    | Reached skill level 6 in Axes
  3490 | Sewer    | Reached XP level 6. HP: 34/57 MP: 5/5
  3492 | Sewer    | Slain by a bullfrog

Illustrated notes

Levels and vault maps discovered:
D:1:      heliophobic_arrival_enchanted_forest, layout_basic,
          shapermc_ecumenical_altar_mp_vishouse, kennysheep_pointless_box,
          minmay_hexomino_c4
D:2:      layout_basic
D:3:      layout_loops_ring, kiku_gazebo_garden_becter,
          gammafunk_ghost_nasty_kobolds, minmay_between
D:4:      layout_basic, lemuel_round_altar, kennysheep_mini,
          cheibrodos_sewer_entry_bend
Sewer:    sewer_frog_island_02

Skill      XL: |  1  2  3  4  5 |
---------------+----------------+-----
Axes           | 3 4 5 6 |  6.1
Fighting       | 4 5 |  5.8
Armour         | |  3.6
Shields        | |  3.6

Action                   |  1- 3 |  4- 6 || total
-------------------------+-------+-------++-------
Melee: War axe           |    88 |   174 ||   262
       Headbutt          |     9 |    19 ||    28
  Use: Potion            |       |     2 ||     2
Armor: Scale mail        |    36 |    80 ||   116
Dodge: Dodged            |    48 |    87 ||   135
Block: Buckler           |    14 |    48 ||    62

Table legend: (Time is in decaauts)
 A = Elapsed time spent in this place.
 B = Non-inter-level travel time spent in this place.
 C = Inter-level travel time spent in this place.
 D = Time resting spent in this place.
 E = Time spent auto-exploring this place.
 F = Levels seen in this place.
 G = Mean time per level.
                   A        B        C        D        E       F      G
               +--------+--------+--------+--------+--------+-----+--------+
         Total |   3642 |   3577 |     65 |     51 |   2321 |   5 |  728.4 |
       Dungeon |   3218 |   3153 |     65 |     51 |   2321 |   4 |  804.5 |
         Sewer |    423 |    423 |      0 |      0 |      0 |   1 |  423.0 |
               +--------+--------+--------+--------+--------+-----+--------+

Top non-repeatable levels by time:
     D:1: 1477 daAuts
     D:3: 868 daAuts
     D:2: 825 daAuts
   Sewer: 423 daAuts
     D:4: 47 daAuts
